 Dungeon Crawl Stone Soup version 0.32-a0-422-g28b100f618 (webtiles) character file.

Game seed: 10600023986782806274

43580 timneilson the Grappler (level 14, -10/99 HPs)
             Began as an Octopode Shapeshifter on Feb 21, 2024.
             Was an Initiate of Gozag.
             Mangled by an orc warlord
             ... wielding a +0 great sword
              (20 damage)
             ... on level 1 of the Orcish Mines on Feb 22, 2024.
             The game lasted 00:38:32 (16654 turns).

timneilson the Grappler (Octopode Shapeshifter)    Turns: 16654, Time: 00:38:33

Health: -10/99     AC: 10    Str: 17    XL:     14   Next: 24%
Magic:  0/19       EV: 21    Int: 13    God:    Gozag
Gold:   2240       SH:  0    Dex: 12    Spells: 16/20 levels left

rFire   . .          .
                       - Unarmed
rCold   . . .        q - melded +0 kite shield
rNeg    . . .        D - +1 hat {Stlth+}
rPois   +            I - amulet of guardian spirit
rElec   .            h - +4 ring of protection
rCorr   .            f - +4 ring of protection
SInv    .            e - ring of poison resistance
Will    ++...        E - ring of willpower
Stlth   +++          J - ring of flight
HPRegen 0.36/turn    (no ring)
MPRegen 0.16/turn    (no ring)
                     (no ring)

%: guardian spirit
@: flux-form, flying, glowing
A: glow, contaminating, almost no armour, amphibious, 8 rings, camouflage 1,
gelatinous body 1, (nimble swimmer 1), tentacles
a: Begin Untransformation, Renounce Religion, Potion Petition, Call Merchant,
Bribe Branch


You were on level 1 of the Orcish Mines.
You worshipped Gozag.
Gozag was most pleased with you.
You were something dangerously unstable.
You visited 3 branches of the dungeon, and saw 18 of its levels.

You collected 4610 gold pieces.
You spent 161 gold pieces at shops.
You paid 2209 gold pieces to Gozag.

Inventory:

Missiles
 n - 30 poisoned darts (quivered)
 s - 2 curare-tipped darts
Armour
 q - a +0 kite shield (melded)
 D - a +1 hat of stealth (worn)
Jewellery
 e - a ring of poison resistance (on tentacle)
 f - a +4 ring of protection (right tentacle)
 h - a +4 ring of protection (left tentacle)
 E - a ring of willpower (on tentacle)
 I - an amulet of guardian spirit (around mantle)
 J - a ring of flight (on tentacle)
 O - a ring of positive energy
Talismans
 b - a beast talisman
 c - a flux talisman (active)
Wands
 j - a wand of flame (67)
 t - a wand of quicksilver (4)
 v - a wand of polymorph (8)
 w - a wand of paralysis (20)
Scrolls
 g - 3 scrolls of amnesia
 i - a scroll of enchant armour
 k - 6 scrolls of teleportation
 l - a scroll of silence
 p - 2 scrolls of butterflies
 x - 5 scrolls of immolation
 y - 6 scrolls of identify
 A - 2 scrolls of enchant weapon
 B - a scroll of revelation
 C - 3 scrolls of brand weapon
 F - a scroll of vulnerability
 G - a scroll of blinking
 L - a scroll of poison
Potions
 a - 2 potions of lignification
 d - 2 potions of heal wounds
 m - 3 potions of enlightenment
 o - 4 potions of curing
 r - 4 potions of cancellation
 u - 3 potions of attraction
 z - 2 potions of haste
 H - a potion of brilliance
 M - 2 potions of resistance
 N - 2 potions of ambrosia
Miscellaneous
 K - a box of beasts


   Skills:
 * Level 10.6 Fighting
 * Level 10.8 Dodging
 + Level 10.8 Stealth
 - Level 4.1 Shields
 * Level 10.9 Unarmed Combat
 + Level 3.5 Spellcasting
 + Level 3.9 Translocations
 + Level 3.9 Earth Magic
 + Level 7.1 Evocations
 * Level 10.1 Shapeshifting


You had 16 spell levels left.
You knew the following spells:

 Your Spells              Type           Power      Damage    Failure   Level
a - Apportation           Tloc           24%        N/A       4%          1
b - Passwall              Erth           12%        N/A       13%         3

Your spell library contained the following spells:

 Spells                   Type           Power      Damage    Failure   Level
 Sandblast                Erth           24%        2d8       4%          1
 Foxfire                  Conj/Fire      8%         2x1d4     22%         1
 Necrotise                Necr           8%         1d4       22%         1
 Sting                    Conj/Alch      8%         1d3       22%         1
 Summon Small Mammal      Summ           8%         N/A       22%         1
 Stone Arrow              Conj/Erth      14%        3d7       28%         3
 Cigotuvi's Dreadful Rot  Necr/Alch/Air  4%         N/A       32%         2
 Scorch                   Fire           4%         2d5       32%         2
 Manifold Assault         Tloc           12%        N/A       38%         4
 Passage of Golubria      Tloc           12%        N/A       38%         4
 Fugue of the Fallen      Necr           2%         N/A       54%         3
 Inner Flame              Hex/Fire       2%         N/A       54%         3
 Ozocubu's Armour         Ice            2%         N/A       54%         3
 Tukima's Dance           Hex            2%         N/A       54%         3
 Brom's Barrelling Bould  Conj/Erth      7%         2d3       67%         4
 Anguish                  Hex/Necr       1%         N/A       91%         4
 Cause Fear               Hex            1%         N/A       91%         4
 Dispel Undead            Necr           2%         3d7       91%         4
 Flame Wave               Conj/Fire      2%         2d4       91%         4
 Martyr's Knell           Necr/Summ      2%         N/A       91%         4
 Sticky Flame             Fire/Alch      2%         2d4       91%         4
 Irradiate                Conj/Alch      1%         3d12      99%         5
 Yara's Violent Unravell  Hex/Alch       1%         3d3       99%         5
 Death Channel            Necr           1%         N/A       100%        6
 Plasma Beam              Fire/Air       1%         2x1d11    100%        6
 Starburst                Conj/Fire      1%         6d3       100%        6
 Summon Cactus Giant      Summ           1%         N/A       100%        6
 Enfeeble                 Hex            1%         N/A       100%        7
 Ignition                 Fire           1%         3d3       100%        8


Dungeon Overview and Level Annotations

Branches:
Dungeon (12/15)            Temple (0/1) D:4            Lair (4/5) D:8
  Swamp (0/4) Lair:2       Spider (0/4) Lair:3        Slime (0/5) Lair:4
    Orc (2/2) D:10            Elf (0/3) Orc:2

Altars:
Gozag
Makhleb
Ru
Trog
Uskayaw
Wu Jian

Shops:
D:7 *   D:9 ?   D:10 [   Lair:2 [

Portals:
Trove: D:11 (give 4 scrolls of fear)


Innate Abilities, Weirdness & Mutations

You are something dangerously unstable.
You glow with magical radiation, making you easy to see and hit.
Foes you strike become dangerously contaminated with magical radiation.
You are incapable of wielding weapons or throwing items.
You cannot wear most types of armour.
You are amphibious.
You can wear up to eight rings at the same time.
Your skin changes colour to match your surroundings (Stealth+).
Your rubbery body absorbs attacks. (AC +1, EV +1)
((You are camouflaged when in or above water. (Stealth+)))
You have tentacles for arms and can constrict up to eight enemies at once.


Message History

You bludgeon the orc warlord!
The orc warlord begins to glow.
You squeeze the orc warlord.
The orc warlord is heavily wounded.
You constrict the orc warlord. The warg barely misses you.
The orc warrior misses you. The warg bites you but does no damage.
The orc warlord completely misses you.
Unknown command.
You tentacle-slap the orc warlord.
The orc warlord glows dangerously bright.
The orc warlord is heavily wounded.
You constrict the orc warlord, but do no damage.
The warg misses you.
You bludgeon the orc warlord!
The orc warlord shudders as magic cascades through it.
The orc warlord twists and deforms.
The orc warlord is severely wounded.
You constrict the orc warlord. The orc warlord misses you.
The orc warrior hits you with a +0 hand axe!
* * * LOW HITPOINT WARNING * * *
The warg completely misses you.
You tentacle-slap the orc warlord.
The orc warlord begins to glow.
The orc warlord is severely wounded.
You constrict the orc warlord! The warg completely misses you.
The orc warrior completely misses you. The orc warlord closely misses you.
You tentacle-slap the orc warlord.
The orc warlord glows dangerously bright.
The orc warlord is almost dead.
You constrict the orc warlord. The warg misses you.
The orc warrior closely misses you. The orc warlord barely misses you.
You tentacle-slap the orc warlord.
The orc warlord shudders as magic cascades through it.
The orc warlord twists and deforms.
The orc warlord is almost dead.
You constrict the orc warlord. The warg bites you!
* * * LOW HITPOINT WARNING * * *
The orc warrior hits you with a +0 hand axe.
* * * LOW HITPOINT WARNING * * *
The orc warlord hits you with a +0 great sword!!
You die...
Your body crumbles into a pile of gold.

#....## ### ##..#.####.###
#......##....## #
####.....###....# ##
##..#............## #.
#...............#.## ##
##.................#####.
#.......$$......#....##.#
##.#...op......##........
#......ho#..........)....
##......#.#..............
##.........#.............
#....#...........#.......
#....##[.............#...
##......<)[...#......#....
#.....................#...
##.#...#...#.##.#.........


You could see an orc warlord (misshapen), a warg and an orc warrior (strong).

Vanquished Creatures
  2 hydras
  A boulder beetle (D:11)
  A catoblepas (Lair:2)
  A two-headed ogre (D:9)
  Erica (Orc:1)
  3 death yaks (Lair:4)
  A swamp dragon (Lair:2)
  A lindwurm (Lair:3)
  A deep elf pyromancer (D:12)
  Pikel (D:6)
  A cyclops (D:11)
  An orc sorcerer (Orc:1)
  5 black mambas
  14 elephants
  A gargoyle (D:6)
  A kobold demonologist (D:11)
  11 komodo dragons
  3 cane toads
  2 rime drakes
  3 trolls
  3 polar bears
  Grinder (D:6)
  Prince Ribbit (D:6)
  35 blink frogs
  3 jumping spiders (Lair:3)
  A shadow (D:9)
  26 yaks
  Sigmund (D:6)
  3 wyverns
  A vampire (D:12)
  Eustachio (D:4)
  3 steam dragons
  2 wargs (Orc:1)
  5 vampire mosquitoes (D:11)
  Menkaure (D:5)
  Edmund (D:6)
  Duvessa (D:5)
  13 water moccasins
  8 orc warriors
  5 ice beasts
  6 black bears
  22 wolves
  3 ogres
  6 centaurs
  2 phantoms (D:5)
  2 lemures (D:6)
  5 kobold brigands
  10 bullfrogs
  4 scorpions
  13 wights
  Dowan (D:5)
  8 killer bees (D:10)
  3 electric eels
  2 howler monkeys
  A jelly (D:7)
  3 hounds
  Crazy Yiuf (D:5)
  6 orc priests
  A sleepcap (D:8)
  7 hell rats (Lair:4)
  6 iguanas
  11 orc wizards
  Robin (D:3)
  8 gnolls
  8 adders
  2 shadow imps (D:6)
  2 white imps (D:7)
  4 dart slugs (D:2)
  2 ribbon worms
  70 orcs
  6 ball pythons
  7 endoplasms
  3 giant cockroaches
  12 goblins
  7 hobgoblins
  3 quokkas
  7 bats
  5 frilled lizards
  14 kobolds
  3 rats
457 creatures vanquished.

Notes
Turn   | Place    | Note
-------+----------+-------------------------------------------
     0 | D:1      | timneilson the Octopode Shapeshifter began the quest for
                  | the Orb.
     0 | D:1      | Reached XP level 1. HP: 13/13 MP: 1/1
    73 | D:1      | Reached XP level 2. HP: 18/18 MP: 2/2
   230 | D:1      | Reached skill level 1 in Stealth
   241 | D:1      | Reached XP level 3. HP: 23/23 MP: 3/3
   860 | D:2      | Reached XP level 4. HP: 29/29 MP: 4/4
  1384 | D:3      | Reached XP level 5. HP: 10/35 MP: 5/5
  1509 | D:3      | Noticed an ogre
  1518 | D:3      | Killed an ogre
  1824 | D:3      | Reached XP level 6. HP: 41/41 MP: 6/6
  1833 | D:3      | Found a faded altar of an unknown god.
  1849 | D:3      | Noticed Robin
  1862 | D:3      | Killed Robin
  2241 | D:4      | Identified the +2 robe of Behag {Slay+6}
  2261 | D:4      | Found an opulent altar of Gozag.
  2264 | D:4      | Became a worshipper of Gozag Ym Sagoz the Greedy
  2281 | D:4      | Noticed Eustachio
  2307 | D:4      | Killed Eustachio
  2320 | D:4      | Noticed a black bear
  2328 | D:4      | Killed a black bear
  2329 | D:4      | Reached XP level 7. HP: 46/46 MP: 7/7
  2615 | D:4      | Found a staircase to the Ecumenical Temple.
  2725 | D:5      | Entered Level 5 of the Dungeon
  2819 | D:5      | Reached skill level 5 in Unarmed Combat
  2819 | D:5      | Reached XP level 8. HP: 45/54 MP: 8/8
  3034 | D:5      | Noticed Dowan
  3035 | D:5      | Noticed Duvessa
  3046 | D:5      | Killed Duvessa
  3055 | D:5      | Killed Dowan
  3056 | D:5      | Reached skill level 5 in Shapeshifting
  3193 | D:5      | Noticed Menkaure
  3198 | D:5      | Killed Menkaure
  3199 | D:5      | Reached skill level 5 in Dodging
  3295 | D:5      | Reached skill level 1 in Evocations
  3318 | D:5      | Found a burning altar of Makhleb.
  3378 | D:5      | Found a runed translucent door.
  3379 | D:5      | Noticed Crazy Yiuf
  3500 | D:5      | Killed Crazy Yiuf
  3666 | D:6      | Noticed Prince Ribbit
  3673 | D:6      | Killed Prince Ribbit
  3674 | D:6      | Reached skill level 5 in Fighting
  3674 | D:6      | Reached skill level 5 in Stealth
  3788 | D:6      | Reached XP level 9. HP: 52/61 MP: 9/9
  3842 | D:6      | Noticed Edmund
  3874 | D:6      | Killed Edmund
  4033 | D:6      | Noticed Sigmund
  4044 | D:6      | Killed Sigmund
  4177 | D:6      | Noticed a gargoyle
  4192 | D:6      | Killed a gargoyle
  4374 | D:6      | Noticed Grinder
  4378 | D:6      | Reached skill level 1 in Shields
  4383 | D:6      | Killed Grinder
  4443 | D:6      | Noticed Pikel
  4465 | D:6      | Killed Pikel
  4466 | D:6      | Reached XP level 10. HP: 30/69 MP: 10/10
  5423 | D:7      | Identified the +2 great sword of Ikisiug {freeze, rPois rF+
                  | rC+ Will+++}
  5570 | D:7      | Found Huggejen's Assorted Antiques.
  5574 | D:7      | Found a sacrificial altar of Ru.
  6239 | D:8      | Found a staircase to the Lair.
  6261 | D:8      | Reached XP level 11. HP: 36/75 MP: 11/11
  6888 | D:9      | Noticed a two-headed ogre
  6895 | D:9      | Killed a two-headed ogre
  7533 | D:10     | Entered Level 10 of the Dungeon
  7592 | D:10     | Found an ornate altar of the Wu Jian Council.
  7748 | D:10     | Identified the +7 orcbow of Gozag's Scorn {drain, rN+
                  | Str+2}
  7973 | D:10     | Found a bloodstained altar of Trog.
  7981 | D:10     | Found a hide-covered altar of Uskayaw.
  8117 | D:10     | Found a staircase to the Orcish Mines.
  8766 | D:10     | Bought a glowing hat for 161 gold pieces
  8775 | D:11     | Noticed a cyclops
  8780 | D:11     | Killed a cyclops
  8784 | D:11     | Noticed a sixfirhy
  8936 | D:11     | Reached skill level 5 in Evocations
  9010 | D:11     | Noticed a boulder beetle
  9029 | D:11     | Killed a boulder beetle
  9155 | D:11     | Found a portal to a secret trove of treasure.
  9625 | D:11     | Reached XP level 12. HP: 78/84 MP: 12/12
 10068 | D:11     | Learned a level 1 spell: Apportation
 10072 | D:11     | Learned a level 3 spell: Passwall
 10469 | Lair:1   | Entered Level 1 of the Lair of Beasts
 10681 | Lair:1   | Reached skill level 1 in Translocations
 10681 | Lair:1   | Reached skill level 1 in Earth Magic
 10702 | Lair:1   | Reached skill level 1 in Spellcasting
 12031 | Lair:2   | Found a staircase to the Swamp.
 12045 | Lair:2   | Reached XP level 13. HP: 90/90 MP: 16/16
 12371 | Lair:2   | Reached skill level 10 in Unarmed Combat
 13007 | Lair:2   | Reached skill level 10 in Dodging
 13007 | Lair:2   | Reached skill level 10 in Stealth
 13639 | Lair:3   | Reached skill level 10 in Fighting
 14161 | Lair:3   | Found a hole to the Spider Nest.
 15143 | Lair:4   | Found a staircase to the Slime Pits.
 15474 | Lair:4   | Reached skill level 10 in Shapeshifting
 15474 | Lair:4   | Reached XP level 14. HP: 84/99 MP: 14/18
 16149 | Orc:1    | Entered Level 1 of the Orcish Mines
 16192 | Orc:1    | Noticed Erica
 16202 | Orc:1    | Killed Erica
 16544 | Orc:2    | Entered Level 2 of the Orcish Mines
 16545 | Orc:2    | Noticed an orc warlord
 16654 | Orc:1    | Mangled by an orc warlord

Illustrated notes

Levels and vault maps discovered:
D:1:      ebering_trefoil_twist, layout_basic
D:2:      layout_basic
D:3:      layout_loops_ring, chequers_ecumenical_altar_simple,
          serial_park_tiny_1, uniq_robin
D:4:      layout_gridville, kennysheep_mini, minmay_temple_entry_large_hall,
          patterned_corridor, uniq_eustachio
D:5:      layout_cave_pools, general_overflow_altar, nrook_loot_triangle,
          uniq_menkaure, uniq_duvessa, uniq_crazy_yiuf_cottage
D:6:      layout_loops_ring, serial_bayou_ford_a, st_stairs_13, uniq_pikel,
          uniq_sigmund, uniq_prince_ribbit1, uniq_edmund, uniq_grinder
D:7:      layout_basic, mainiacjoe_overflow_paths, serial_shops, shop
D:8:      layout_basic, hellmonk_lair_entry_icy
D:9:      layout_basic, kennysheep_another_room
D:10:     layout_loops_cross, nzn_wu_jian_contemplation,
          mainiacjoe_overflow_large_starburst, hiddenorc2_lemuel
D:11:     layout_cave_pools, enter_trove_3
D:12:     cheibrodos_frozen_isle, layout_cave_pools,
          nicolae_sif_muna_condensation
Lair:1:   layout_roguey
Lair:2:   layout_cave_pods, minmay_swamp_entry_reptiles, grunt_megastairs_2,
          serial_bayou_shore_a, lemuel_fruit_tree
Lair:3:   layout_gridlike, spider_nest_entry_a, minivault_19
Lair:4:   layout_cave_shapes, slime_entry_1, minivault_11,
          infiniplex_staircase_pool_2
Orc:1:    layout_caves, nooodl_orcs_dogs, uniq_erica
Orc:2:    st_orc_congregation, layout_diamond_mine, gauntlet_entry_generic,
          basic_altar, gammafunk_ghost_split, mines2_david

Skill      XL: |  1  2  3  4  5  6  7  8  9 10 11 12 13 14 |
---------------+-------------------------------------------+-----
Stealth        | 1 2 3 4 5 6 7 8 9 10 | 10.8
Fighting       | 2 3 4 5 6 7 8 9 10 | 10.6
Dodging        | 3 4 5 6 7 8 9 10 | 10.8
Unarmed Combat | 4 5 7 8 9 10 | 10.9
Shapeshifting  | 4 5 6 7 8 9 10 | 10.1
Evocations     | 1 3 4 5 6 7 |  7.1
Shields        | 1 2 4 |  4.1
Translocations | 2 3 |  3.9
Earth Magic    | 2 3 |  3.9
Spellcasting   | 2 3 |  3.5

Action                     |  1- 3 |  4- 6 |  7- 9 | 10-12 | 13-15 || total
---------------------------+-------+-------+-------+-------+-------++-------
  Melee: Unarmed           |    38 |   101 |   184 |   701 |   486 ||  1510
         Constrict         |     7 |    20 |    47 |   120 |    80 ||   274
         Tentacles         |     4 |    22 |    61 |   214 |   175 ||   476
         Punch             |       |     1 |    14 |     9 |       ||    24
  Throw: Dart              |       |     9 |    16 |       |       ||    25
 Invoke: Call Merchant     |       |       |       |     2 |     1 ||     3
  Evoke: Wand              |       |       |     1 |       |     9 ||    10
    Use: Scroll            |     3 |     6 |     2 |    12 |     4 ||    27
         Potion            |       |       |     1 |     1 |     2 ||     4
   Stab: Sleeping          |    11 |     6 |     3 |     8 |     6 ||    34
         Distracted        |       |       |     3 |     8 |     1 ||    12
 Armour: Skin              |    10 |    57 |    93 |   294 |   224 ||   678
  Dodge: Dodged            |    17 |    50 |    66 |   525 |   406 ||  1064
  Block: Kite shield       |       |       |     4 |    54 |       ||    58
   Form: Flux              |       |       |       |     1 |       ||     1

Table legend: (Time is in decaauts)
 A = Elapsed time spent in this place.
 B = Non-inter-level travel time spent in this place.
 C = Inter-level travel time spent in this place.
 D = Time resting spent in this place.
 E = Time spent auto-exploring this place.
 F = Levels seen in this place.
 G = Mean time per level.
                   A        B        C        D        E       F      G
               +--------+--------+--------+--------+--------+-----+--------+
         Total |  16480 |  15873 |    607 |   2254 |   9351 |  18 |  915.6 |
       Dungeon |  10497 |  10042 |    455 |   1149 |   6198 |  12 |  874.8 |
          Lair |   5487 |   5351 |    136 |   1028 |   2833 |   4 | 1371.8 |
  Orcish Mines |    495 |    480 |     15 |     77 |    320 |   2 |  247.5 |
               +--------+--------+--------+--------+--------+-----+--------+

Top non-repeatable levels by time:
  Lair:2: 2001 daAuts
    D:10: 1740 daAuts
     D:6: 1509 daAuts
  Lair:4: 1237 daAuts
  Lair:1: 1143 daAuts
  Lair:3: 1104 daAuts
    D:11: 1078 daAuts
     D:5: 1032 daAuts
     D:3: 834 daAuts
     D:9: 827 daAuts
     D:7: 802 daAuts
     D:1: 736 daAuts
     D:8: 734 daAuts
     D:2: 577 daAuts
     D:4: 564 daAuts
